 Dungeon Crawl Stone Soup version 0.29-a0-1027-gcd8c55af63 (webtiles) character file.

Game seed: 2483877381590902802

2484 Essalna the Ruffian (level 9, 0/93 HPs)
             Began as a Black Draconian Transmuter on Aug 12, 2022.
             Was a Priest of Elyvilon.
             Engulfed by a steam dragon's steam (3 damage)
             ... on level 7 of the Dungeon.
             The game lasted 00:14:55 (8119 turns).

Essalna the Ruffian (Black Draconian Transmuter)    Turns: 8119, Time: 00:14:55

Health: 0/93       AC:  7    Str: 12    XL:     9   Next: 27%
Magic:  12/12      EV: 10    Int: 19    God:    Elyvilon [***...]
Gold:   313        SH:  0    Dex: 11    Spells: 7/12 levels left

rFire   x . .      SeeInvis .     - Unarmed
rCold   + + +      Faith    .   (shield currently unavailable)
rNeg    . . .      Spirit   .   (body armour unavailable)
rPois   +          Reflect  .   (helmet currently unavailable)
rElec   .          Harm     .   (cloak currently unavailable)
rCorr   .          Rampage  .   (gloves currently unavailable)
Will    .....                   (boots currently unavailable)
Stlth   +.........              f - amulet of magic regeneration
HPRegen 0.25/turn               (no ring)
MPRegen 0.53/turn               (no ring)

@: ice-form
A: freezing attack, amphibious, boosted hp, (breathe lightning), AC +7, large,
unfitting armour, (electricity resistance), (cold-blooded)
a: End Transformation, Renounce Religion, Purification, Heal Other, Heal Self


You were on level 7 of the Dungeon.
You worshipped Elyvilon.
Elyvilon was most pleased with you.
You were a creature of crystalline ice.
You visited 2 branches of the dungeon, and saw 8 of its levels.
You also visited: Ossuary.

You collected 313 gold pieces.

Inventory:

Armour
 o - a scarf of repulsion (melded)
Magical Staves
 r - a staff of fire
Jewellery
 f - an amulet of magic regeneration (around neck)
Wands
 l - a wand of mindburst (25)
Scrolls
 b - a scroll of teleportation
 c - 4 scrolls of identify
 d - a scroll of enchant armour
 g - 3 scrolls of noise
 j - a scroll of magic mapping
 n - a scroll of poison
 q - 2 scrolls of blinking
 t - a scroll of fear
Potions
 a - 3 potions of cancellation
 e - 2 potions of curing
 h - 5 potions of heal wounds
 i - a potion of ambrosia {unknown}
 k - 3 potions of brilliance {unknown}
 m - 2 potions of mutation {unknown}
 p - 3 potions of invisibility {unknown}
 s - 4 potions of attraction {unknown}
 v - a potion of flight {unknown}


   Skills:
 + Level 6.8 Fighting
 - Level 3.1 Dodging
 + Level 6.9 Unarmed Combat
 - Level 2.0 Spellcasting
 + Level 6.5 Transmutations
 + Level 5.5 Ice Magic


You had 7 spell levels left.
You knew the following spells:

 Your Spells              Type           Power      Damage    Failure   Level
a - Beastly Appendage     Tmut           52%        N/A       1%          1
b - Ice Form              Ice/Tmut       24%        N/A       14%         4

Your spell library contained the following spells:

 Spells                   Type           Power      Damage    Failure   Level
 Wereblood                Tmut           26%        N/A       1%          2
 Spider Form              Tmut/Pois      14%        N/A       13%         3
 Ignite Poison            Fire/Tmut/Pois 10%        N/A       21%         3
 Blink                    Tloc           2%         N/A       26%         2
 Blade Hands              Tmut           13%        N/A       32%         5
 Conjure Flame            Conj/Fire      1%         6-21      45%         3
 Inner Flame              Hex/Fire       1%         N/A       45%         3
 Portal Projectile        Hex/Tloc       2%         N/A       45%         3
 Tukima's Dance           Hex            1%         N/A       45%         3
 Cause Fear               Hex            0%         N/A       86%         4
 Sticky Flame             Conj/Fire      1%         2d3       86%         4
 Fireball                 Conj/Fire      0%         3d3       99%         5
 Iskenderun's Battlesphe  Conj           1%         2d6       99%         5
 Manifold Assault         Tloc           1%         N/A       99%         5
 Conjure Ball Lightning   Conj/Air       0%         3x3d6     100%        6
 Eringya's Noxious Bog    Tmut/Pois      7%         N/A       100%        6
 Orb of Destruction       Conj           0%         9d5       100%        7
 Storm Form               Tmut/Air       7%         N/A       100%        7
 Discord                  Hex            0%         N/A       100%        8


Dungeon Overview and Level Annotations

Branches:
Dungeon (7/15)             Temple (1/1) D:4         Ossuary (visited)

Altars:
Ashenzari
Cheibriados
Dithmenos
Elyvilon
Fedhas
Gozag
Hepliaklqana
Kikubaaqudgha
Makhleb
Nemelex Xobeh
Okawaru
Qazlal
Ru
Trog
Uskayaw
Vehumet
Wu Jian
Xom
Yredelemnul
Zin
The Shining One

Shops:
D:4 *


Innate Abilities, Weirdness & Mutations

You are a creature of crystalline ice.
You have a powerful freezing melee attack.
You are amphibious.
Your maximum health is increased.
Your armour is entirely melded.
You are incapable of wielding weapons or throwing items.
((You can breathe wild blasts of lightning.))
((Your glossy black scales are hard. (AC +7)))
You cannot fit into any form of body armour.
((You are resistant to electric shocks. (rElec)))
((You are cold-blooded and may be slowed by cold attacks.))


Message History

A kobold comes into view.
It is wielding a +0 whip and quivering poisoned darts.
You turn into a creature of crystalline ice.
Your scarf of repulsion melds into your body.
The haze of the repulsion field disappears.
The kobold shouts!
The kobold barely misses you.
You punch the kobold! You freeze the kobold.
You kill the kobold!
No target in view!
A steam dragon comes into view.
A steam dragon is nearby!
The steam dragon breathes steam at you. The ball of steam hits you!!
The steam scalds you terribly!
You are too injured to fight recklessly!
You are too injured to fight recklessly!
You are too injured to fight recklessly!
You are engulfed in a cloud of scalding steam.
You see here a bullfrog corpse.
You hit the steam dragon. You freeze the steam dragon.
The steam dragon is lightly wounded.
The steam dragon breathes steam at you. The ball of steam hits you!!
The steam scalds you terribly!
You punch the steam dragon! You freeze the steam dragon.
The steam dragon is severely wounded.
You are engulfed in a cloud of scalding steam.
* * * LOW HITPOINT WARNING * * *
The steam dragon bites you but does no damage.
The steam dragon claws you.
* * * LOW HITPOINT WARNING * * *
You barely miss the steam dragon.
The steam dragon is severely wounded.
You are engulfed in a cloud of scalding steam.
* * * LOW HITPOINT WARNING * * *
The steam dragon bites you! Elyvilon protects you from harm!
The steam dragon barely misses you.
You barely miss the steam dragon.
The steam dragon is severely wounded.
You are engulfed in a cloud of scalding steam.
You die...

,,,,,,,,,...#....#....*.....,,,,*
**********#.#.........*###...####
,,,,,,>,,,,.........#**...Y..'...
*****#.****.#.....##* *###...####
**** #.* #.#...§..##### #..,*
,,,* #.####.##.........#*##*****
,,,* #......##)........#,,,,,,,**
,,,* #..................,,,,,,,,,
,,,####.....#...Y......#,,,,,,,**
,,,+........#...D......#,,,,,,,*
,,,####....##.†........#,,,,,,,*
,,,#...................#*********
,,,#.......####........# *****,,
,,,#.......# #........# *,,,*,,
,,,#....#### #......(.# *,,,*,,
,,,#....# #........# *,,,*,,
####....# #........# *,,,***


You could see a steam dragon (catching breath).

Vanquished Creatures
  A komodo dragon (D:6)
  A steam dragon (D:6)
  A water moccasin (D:7)
  A sky beast (D:7)
  A black bear (D:6)
  A centaur (D:6)
  An ogre (D:6)
  A phantom (D:4)
  3 kobold brigands
  2 bullfrogs (D:7)
  2 necrophages (D:5)
  A scorpion (D:5)
  A wight (D:7)
  3 howler monkeys
  4 hounds
  A jelly (D:5)
  2 gnoll boudas
  An orc priest (D:7)
  A human zombie (Ossuary)
  7 iguanas
  3 orc wizards
  3 mummies (Ossuary)
  10 adders
  10 gnolls
  2 shadow imps
  4 adder zombies (Ossuary)
  3 worms (D:2)
  4 dart slugs
  12 orcs
  4 ball pythons
  4 bats
  5 endoplasms
  4 giant cockroaches
  6 goblins
  11 hobgoblins
  5 jackals
  4 frilled lizards
  A goblin zombie (Ossuary)
  3 hobgoblin zombies (Ossuary)
  15 kobolds
  2 kobold zombies (Ossuary)
  An orc zombie (Ossuary)
  4 quokka zombies (Ossuary)
  6 rats
  2 rat zombies (Ossuary)
164 creatures vanquished.

Vanquished Creatures (others)
  A fungus (D:3)
  13 plants
14 creatures vanquished.

Grand Total: 178 creatures vanquished

Notes
Turn   | Place    | Note
-------+----------+-------------------------------------------
     0 | D:1      | Essalna the Draconian Transmuter began the quest for the
                  | Orb.
     0 | D:1      | Reached XP level 1. HP: 16/16 MP: 3/3
    70 | D:1      | Reached XP level 2. HP: 23/23 MP: 3/5
   921 | D:1      | Reached XP level 3. HP: 29/29 MP: 6/6
  1785 | D:3      | Reached XP level 4. HP: 37/37 MP: 7/7
  1790 | D:3      | Learned a level 4 spell: Ice Form
  1794 | D:3      | Found a burning altar of Makhleb.
  1838 | D:3      | Found a broken altar of Ashenzari.
  1840 | D:3      | Found a glowing silver altar of Zin.
  1900 | D:3      | You fall into a shaft and drop 2 floors!
  1900 | D:5      | Entered Level 5 of the Dungeon
  2012 | D:5      | Reached skill level 1 in Ice Magic
  2201 | D:5      | Reached XP level 5. HP: 13/45 MP: 8/8
  2517 | D:5      | Reached XP level 6. HP: 41/51 MP: 9/9
  2841 | D:4      | Found a staircase to the Ecumenical Temple.
  2868 | Temple   | Entered the Ecumenical Temple
  3247 | Temple   | Became a worshipper of Elyvilon the Healer
  3353 | D:3      | Found a blossoming altar of Fedhas.
  3353 | D:3      | Found a basalt altar of Yredelemnul.
  3464 | D:3      | Found a faded altar of an unknown god.
  3601 | D:4      | Your scales start taking on a glossy black colour.
  3601 | D:4      | Reached XP level 7. HP: 55/59 MP: 10/10
  3601 | D:4      | Gained mutation: You are resistant to electric shocks.
                  | (rElec) [Black Draconian growth]
  3709 | D:4      | Reached * piety under Elyvilon
  3747 | D:4      | Identified the +3 rapier "Kito" {vorpal, Str+4}
  4152 | D:4      | Found Ashoigg's General Store.
  4188 | D:5      | Reached skill level 5 in Unarmed Combat
  5308 | D:5      | Reached ** piety under Elyvilon
  5438 | D:5      | Got the Precepts of Pestilence
  5767 | D:6      | Noticed a steam dragon
  5781 | D:5      | Reached skill level 5 in Fighting
  5876 | D:6      | Reached skill level 5 in Transmutations
  5882 | D:6      | Reached XP level 8. HP: 43/68 MP: 11/11
  6628 | D:6      | Found an opulent altar of Gozag.
  6632 | D:6      | Found a bloodstained altar of Trog.
  6634 | D:6      | Found a glowing golden altar of the Shining One.
  7207 | D:7      | Reached skill level 5 in Ice Magic
  7484 | D:7      | Noticed a komodo dragon
  7498 | D:6      | Elyvilon protects you from harm!
  7502 | D:6      | Killed a komodo dragon
  7503 | D:6      | Reached XP level 9. HP: 41/78 MP: 12/12
  7540 | D:7      | Found a sand-covered staircase.
  7544 | D:7      | Reached *** piety under Elyvilon
  7549 | Ossuary  | Entered an ossuary
  8118 | D:7      | HP: 2/93 [steam dragon] (9)]
  8118 | D:7      | Elyvilon protects you from harm!
  8119 | D:7      | Engulfed by a steam dragon's steam

Illustrated notes

Levels and vault maps discovered:
D:1:      minmay_arrival_checkered_box, layout_basic
D:2:      layout_rooms
D:3:      layout_basic, nicolae_overflow_two_pavilions,
          makhleb_altar_promises_db, mainiacjoe_overflow_catwalk_spiral,
          shapermc_ecumenical_altar_mp_urbaneastern
D:4:      layout_gridville, minmay_temple_entry_waves, serial_shops,
          kennysheep_mini, minmay_misc_feat_nine_boxes, chequers_mini_garden
D:5:      layout_basic
D:6:      layout_rooms, grunt_temple_overflow_open, minmay_unpleasant_kobolds
D:7:      layout_basic, enter_ossuary_3, minmay_lizard_king
Temple:   oiseaux_autumnal_temple

Skill      XL: |  1  2  3  4  5  6  7  8  9 |
---------------+----------------------------+-----
Fighting       | 2 3 4 5 6 |  6.8
Transmutations | 3 4 5 6 |  6.5
Unarmed Combat | 4 5 6 |  6.9
Ice Magic      | 1 2 3 5 |  5.5
Dodging        | 2 3 |  3.1
Spellcasting   | |  2.0

Action                   |  1- 3 |  4- 6 |  7- 9 || total
-------------------------+-------+-------+-------++-------
Melee: Unarmed           |   107 |   125 |   311 ||   543
       Kick              |    20 |    32 |    49 ||   101
       Tailslap          |    13 |     9 |    24 ||    46
       Headbutt          |    13 |    24 |    27 ||    64
       Punch             |     3 |     4 |     6 ||    13
 Cast: Beastly Appendage |    25 |    17 |    32 ||    74
       Ice Form          |       |       |     9 ||     9
 Abil: Breathe Lightning |       |       |    11 ||    11
  Use: Potion            |       |     2 |     6 ||     8
       Scroll            |       |       |    14 ||    14
Armor: Skin              |    39 |    33 |    97 ||   169
Dodge: Dodged            |    70 |    57 |   177 ||   304
       Repelled          |       |       |     2 ||     2

Table legend: (Time is in decaauts)
 A = Elapsed time spent in this place.
 B = Non-inter-level travel time spent in this place.
 C = Inter-level travel time spent in this place.
 D = Time resting spent in this place.
 E = Time spent auto-exploring this place.
 F = Levels seen in this place.
 G = Mean time per level.
                   A        B        C        D        E       F      G
               +--------+--------+--------+--------+--------+-----+--------+
         Total |   8077 |   7876 |    201 |   1022 |   5496 |   9 |  897.4 |
       Dungeon |   7256 |   7085 |    171 |   1022 |   4823 |   7 | 1036.6 |
        Temple |    413 |    383 |     30 |      0 |    357 |   1 |  413.0 |
       Ossuary |    407 |    407 |      0 |      0 |    316 |   1 |  407.0 |
               +--------+--------+--------+--------+--------+-----+--------+

Top non-repeatable levels by time:
     D:5: 1872 daAuts
     D:6: 1508 daAuts
     D:4: 1412 daAuts
     D:1: 1013 daAuts
     D:2: 705 daAuts
     D:3: 420 daAuts
  Temple: 413 daAuts
 Ossuary: 407 daAuts
     D:7: 324 daAuts
